[Event "Tata Steel-A 80th"]
[Site "Wijk aan Zee"]
[Date "2018.01.23"]
[Round "9"]
[White "Anand, Viswanathan"]
[Black "Carlsen, Magnus"]
[Result "1/2-1/2"]
[ECO "C95"]
[WhiteElo "2767"]
[BlackElo "2834"]
[Annotator "Fernandez,D"]
[PlyCount "63"]
[EventDate "2018.01.13"]
[EventType "tourn"]
[EventRounds "13"]
[EventCountry "NED"]
[EventCategory "20"]
[SourceTitle "CBM 183"]
[Source "ChessBase"]
[SourceDate "2018.03.14"]
[SourceVersion "1"]
[SourceVersionDate "2018.03.14"]
[SourceQuality "1"]
[TimeControl "40/6000+30:20/3000+30:900+30"]

1. e4 e5 2. Nf3 Nc6 3. Bb5 a6 4. Ba4 Nf6 5. O-O Be7 6. Re1 b5 7. Bb3 d6 8. c3 O-O 9. h3 Nb8 {
[%emt 0:00:08] The famously solid Breyer variation! Similar in character to
some games of mine that began with the move 1.d4 b5, Black's play in this line
is extremely formulaic and rarely deviates from well-established and easily
understood plans. A good sign of mastery is to be able to combine elements
from different plans as the game dictates.} 10. d4 (10. d3 $5
{is another move, recently used against Mamedyarov by the young Spanish GM
David Anton. The logic is that Black has spent time on ...Nb8 that he probably
wouldn't have done against an earlier d3-system. For instance:} Nbd7 11. Nbd2
Bb7 12. Nf1 Re8 13. Ng3 $132 {and White can contemplate playing with Nh2-g4 in
place of the standard d4, Bc2 stuff.}) 10... Nbd7 11. Nbd2 Bb7 (11... c5 {The reason this move order is
not played, is that Black would like White to have to play a4 before Black
goes c4.} 12. Nf1 Re8 13. Ng3 Bf8 14. Ng5 {The point. Now there is no real
choice other than c4, and then Black has to go for tricks.} c4 15. Bc2 exd4 $5
(15... h6 16. Nf3 Bb7 17. d5 g6 18. Be3 {is exactly what Black doesn't want:
counterplay is slow to arrive because White doesn't have a4 yet, and White may
continue with Nh2-g4 or Qd2, etc.}) 16. cxd4 Bb7 17. Bd2 g6 $132 {Black's play
now is aimed at making the knight on g5 feel silly. Nevertheless, he doesn't
have quite enough pressure on e4 and the feeling is that White must be better
somehow, perhaps with a4 under the now-different circumstances.}) 12. Bc2 Re8 13. Nf1 Bf8 14. Ng3 g6 15. a4 (15.
Nh2 {is an interesting creative move:} exd4 16. cxd4 c5 17. d5 $11 {In this
kind of position it's hard to know how much weight to give to the opinion of
the machine, but Black should not be worse if he follows normal plans (...Bg7,
...c4, ...Nc5, possibly ...h5.) See Motycakova,M-Nemcova,K Frydek Mistek 2009.}
) (15. b3 $5 {A conceptually challenging line. White wants to get d5 without
a4, and not have it punished by ...c6 and detonation of the centre. Black must
react carefully, and I am not sure quite how to equalise here, though there is
a very interesting piece sacrifice which gives excellent compensation.} Bg7 (
15... c5 16. d5 $14) (15... d5 16. Bg5 h6 17. Bh4 $14 {seems to have been
pioneered by Mamedyarov and analysed down to a draw, but cloud engines
disagree! The consensus will probably change soon...}) 16. d5 Rc8 17. c4 {
This was White's point.} c6 18. Be3 (18. dxc6 Rxc6 19. cxb5 axb5 20. Bd3 b4 $11
{Berg,E-Butnorius,A Gibraltar 2008}) 18... Nb6 $1 {Now for concrete reasons
this is best.} (18... Qa5 {is suggested by the engine, but following} 19. a3
bxc4 20. bxc4 Nc5 21. Qd2 Qxd2 22. Nxd2 Nfd7 23. Rab1 $14 {the queens have
come off and Black is quite passive}) 19. Qe2 $1 {Other moves have been tried,
but this is the most convincing for White.} cxd5 20. cxd5 Nbxd5 {If not for
this move White would be trivially better.} 21. exd5 Nxd5 22. Rac1 $1 {The
only way to take back on e3 with a piece.} (22. Qd2 Nxe3 23. fxe3 e4 24. Nd4
Bxd4 25. exd4 e3 26. Qe2 Qh4 27. Kh2 Qxd4 {is not what White was looking for
from the opening}) 22... Nxe3 (22... Nc3 23. Qd2 $14) 23. Qxe3 d5 $44 {Black
has good compensation based on the big centre.}) 15... Nb6 $5 {[%emt 0:00:51]
Not a move I had seen before, but perhaps it will be seen more in light of the
present game.} (15... c5 {This is the main line. White is only given liberty
to close the centre after he has played a4. Here I have some quite detailed
analysis but suffice it to say in summary that Black faces some slight
problems according to the present theory, largely depending on how fast he
allows tripling on the a-file.} 16. d5 c4 17. Bg5 $1 {White is trying to cross
or delay Black's usual knight redeployment of Nc5, Nfd7.} Bg7 $1 (17... h6 $6 {
is less strong, and a simple plan for White can be formulated, involving...
tripling on the a-file. Far from gaining a tempo, ...h6 in fact loses one. I
will give some sample lines.} 18. Be3 Nc5 19. Qd2 h5 20. Ra3 Qc7 (20... Nfd7
21. Rea1 Nb6 {Else just R1a2, Qc1-a1, etc.} 22. a5 Nba4 {Interesting idea, but
probably bad.} 23. Rb1 $1 Bg7 24. Nf1 $14 {The idea is just Qd1, N1d2, Nxc4
and there is not a lot Black can do about it.}) 21. Rea1 Rab8 22. Qd1 Bc8 23.
axb5 axb5 24. Ra5 Rb7 25. R1a2 Bd7 26. Bg5 Nh7 27. Bd2 Nf6 28. Ng5 Reb8 29. Nf1
{White has gained a marginally more pleasant position and will be able to
triple on the a-file if desired, however if Black plays completely precisely
the advantage will grow, and as we all know, with almost nothing on the board
0.3 is a draw!}) 18. Qd2 Nc5 19. Ra3 (19. Nh2 Qc7 20. Ng4 Nxg4 21. hxg4 Bc8 22.
f3 Bd7 $11) 19... Qc7 20. Rea1 Reb8 21. Qc1 Nfd7 {Black is just about in time,
for instance:} 22. R1a2 Nd3 $132) (15... Bg7 $5 {is an interesting attempt to
dodge the main line - Black is fine to play with ...c6 in place of ...c5, and
keep the position compact and solid in a Philidor-like way.} 16. Bd3 {
Otherwise Black gets ...c5, free of the problems outlined above.} c6 17. Be3 (
17. Bg5 {encourages Black's concept:} Nf8 18. Qd2 Ne6 19. Be3 Nd7 $11 {Black
is fine as in Hou,Y-Sasikiran,K New Delhi 2011.}) 17... Qc7 $132 {Black is
playing for ...d5 and whether White has an edge depends heavily on whether he
can sufficiently discourage this move in the coming phase. One motif to pay
attention to is the dark-square complex. Anand has been on the White side of
this: Anand,V-Baramidze,D Baden-Baden 2015}) 16. axb5 (16. a5
Nbd7 17. b4 $5 {Caruana,F-Roiz,M Bilbao 2014 , An audacious concept . White is
trying to play d5, lock down the centre as well as the queenside and only
subsequently (and extremely slowly) make progress with the kingside attack.
The idea could, however, have come slightly unstuck against the principled}
exd4 18. cxd4 c5 19. bxc5 dxc5 20. d5 c4 $132) (16. b3 $5 {is possibly more
ambitious than the text - White wants Bd3, c4, d5.} bxa4 {may be the best way
to counter this:} 17. bxa4 a5 18. Bd3 Qc8 $132 {Adams,M-Tan,J Bournemouth 2016,
Black has reasonable play according to current knowledge, but Black's position
looks slightly looser than usual, so there may be an incisive way for White to
get an edge.}) 16... axb5 17. Bg5 Bg7 18. Bd3 Rxa1 19. Qxa1 c6 20. Be3 (20. Qc1 {
followed by Bh6 is the engine idea, but Black is solid in any case.}) 20... Qc7 21. dxe5 dxe5 22. Qc1 Bc8 23. Qc2 {[%emt 0:01:39] The last two
moves do not create a great impression, but White has a very wide margin of
error in such positions.} Nfd7 24. c4 {[%emt 0:05:31] This
move looks like White has reconciled himself to offering a draw soon.} Nxc4 25. Bxc4 bxc4 26. Qxc4 Nf8 27. Rc1 Bb7 (27... Rd8 $5 {is a nice wrinkle: after} 28. Qxc6 Rd1+ 29. Kh2 Rxc1 30.
Qxc1 Qxc1 31. Bxc1 Ne6 $36 {Black has full compensation for the pawn despite
the reduced material and his bishop pair means his game is more pleasant.}) 28.
Nf1 Ne6 29. N1d2 Qa5 30. Ng5 Nxg5 31. Bxg5 Bf8 32. Be3 {[%emt 0:05:44] With a draw offer
which was accepted.} (32. Nb3 Qb5 33. Qc3 {was maybe worth considering, as on
strategic purity White is still marginally ahead. Definitely below super-GM
level there is a strong chance that White will consolidate a dark-square bind,
e.g. Be3-c5, Nd2, b4, f3, Kh2.}) 1/2-1/2

[Event "China Chess King 1st"]
[Site "Taizhou"]
[Date "2015.11.25"]
[Round "1.2"]
[White "Lu, Shanglei"]
[Black "Ding, Liren"]
[Result "1-0"]
[ECO "C95"]
[WhiteElo "2615"]
[BlackElo "2781"]
[Annotator "Fischer,J"]
[PlyCount "115"]
[EventDate "2015.11.24"]
[EventType "k.o."]
[EventRounds "3"]
[EventCountry "CHN"]
[SourceTitle "CBM 170"]
[Source "ChessBase"]
[SourceDate "2016.01.15"]
[SourceVersion "1"]
[SourceVersionDate "2016.01.15"]
[SourceQuality "1"]
[TimeControl "40/5400+30:1800+30"]

1. e4 e5 2. Nf3 Nc6 3. Bb5 a6 4. Ba4 Nf6 5. O-O Be7 6. Re1 b5 7. Bb3 d6 8. c3
O-O 9. h3 Nb8 10. d4 Nbd7 11. c4 c6 12. Qc2 Bb7 13. Nc3 b4 14. Na4 c5 15. d5
Nh5 16. Qd1 Nf4 17. Bc2 Ng6 18. b3 Bc8 19. a3 a5 20. Be3 Nf6 21. Nh2 h6 22. Nf1
Nh7 23. Ng3 Bg5 24. Nb2 Bd7 25. Nf5 Qf6 26. Qf3 Bxe3 27. fxe3 Ne7 28. Nxe7+
Qxe7 29. Qg3 Rfb8 30. Reb1 h5 31. Kh1 h4 32. Qf2 Qg5 33. Nd3 Nf6 34. Ne1 a4 $6
{Releasing the tension on the queenside. Komodo here recommends} (34... Qh6 {
with the idea to advance the kingside pawns with ...g5.}) 35. axb4 Rxb4 36. Nf3
Qg3 37. Qxg3 hxg3 38. Nd2 Rb6 39. Ra2 Rab8 $2 {Now Black loses a pawn. Better
was} (39... Rba6) 40. bxa4 Rxb1+ 41. Nxb1 Bc8 42. Kg1 Ba6 43. Nd2 Rb4 44. Bd3
Kh7 45. Kf1 Kh6 46. Ke2 Kh5 47. a5 g5 48. Kd1 g4 49. Be2 Kg5 50. hxg4 Nxg4 51.
Bxg4 Kxg4 52. Kc2 Kg5 53. Kc3 f6 54. Rb2 Ra4 55. Rb6 Rxa5 56. Rxd6 Kg6 57. Rc6
Kf7 58. Kb2 1-0

[Event "Match/Team URS-World 20,5-19,5"]
[Site "Belgrade"]
[Date "1970.03.29"]
[Round "1.3"]
[White "Kortschnoj, Viktor Lvovich"]
[Black "Portisch, Lajos"]
[Result "1/2-1/2"]
[ECO "C95"]
[WhiteElo "2670"]
[BlackElo "2630"]
[Annotator "Kortchnoi/Portisch"]
[PlyCount "135"]
[EventDate "1970.03.29"]
[EventType "team"]
[EventRounds "4"]
[EventCountry "YUG"]
[SourceTitle "MCL"]
[Source "ChessBase"]
[SourceDate "1999.07.01"]
[SourceVersion "1"]
[SourceVersionDate "1999.07.01"]
[SourceQuality "1"]
[WhiteTeam "Soviet Union"]
[BlackTeam "World"]
[WhiteTeamCountry "URS"]
[TimeControl "40/9000:16/5400:0"]

1. e4 e5 2. Nf3 Nc6 3. Bb5 a6 4. Ba4 Nf6 5. O-O Be7 6. Re1 b5 7. Bb3 d6 8. c3
O-O 9. h3 Nb8 10. d4 Nbd7 11. Nbd2 Bb7 12. Bc2 Re8 13. b3 (13. Nf1 d5 14. exd5
exd4 15. Nxd4 Nxd5 16. Nf5 Bf6 {Kortschnoj=:K}) 13... Bf8 14. Bb2 (14. d5 {K})
14... g6 15. a4 Bg7 16. Bd3 c6 (16... Bc6 17. d5 Nc5 18. Bf1 Bd7 19. Ba3 {K}) (
16... d5 17. axb5 $13 {Portisch=:P}) (16... bxa4 $6 17. Rxa4 d5 18. dxe5 $1 Nc5
19. Rd4 Nfd7 20. b4 $1 Ne6 21. Rxd5 Bxd5 22. exd5 Nf4 23. Nc4 $1 $16 {P}) 17.
Qc2 (17. Rb1 Qb6 (17... Nh5 $5) 18. b4 Nh5 19. Nb3 Rad8 20. Bc1 Qc7 21. Bg5 Rb8
22. Qc2 $16 {Ljubojevic,L-Smejkal,J/Reggio/1985/}) 17... Rc8 $146 (17... Qb6
18. b4 exd4 19. cxd4 c5 20. bxc5 dxc5 21. axb5 axb5 22. dxc5 Nxc5 23. Rxa8 Bxa8
24. Bd4 Nfd7 25. Bxg7 Kxg7 26. Qb2+ Qf6 27. Qxb5 Qc3 28. Bf1 Rb8 29. Qc4 Qxc4
30. Bxc4 Re8 31. e5 Bc6 32. Kh2 Re7 33. Kg3 Bb7 34. Bb5 f6 35. exf6+ Kxf6 36.
Rc1 Ne4+ 37. Nxe4+ Bxe4 38. Bc6 Nf8 39. Bxe4 Rxe4 40. Rc7 Re7 41. Rxe7 Kxe7 42.
Nd4 Kf6 43. Kf4 Nd7 44. h4 Ne5 45. Ke4 h5 46. f3 Nf7 47. Nb5 {Byrne,R-Padevsky,
N Monte Carlo 1968 1/2-1/2 (62)}) 18. dxe5 $2 {K} (18. b4 {! /\ 19.de de 20.c4
K / ?! P} exd4 19. cxd4 c5 $1 20. axb5 c4 $17) (18. Bf1 $5 {Portisch}) (18.
Rad1 $5 Qb6 19. Qb1 Nh5 20. Bf1 $14 {Matanovic,A-Ivkov, B/Belgrade m/1978/1-0/}
) 18... dxe5 19. b4 (19. Ba3 Qb6 {/\ 20... c5 K}) (19. c4 Bf8 $1 $15 {P}) 19...
Bf8 $1 {P} 20. Red1 Qb6 21. Qb3 c5 $1 {P} 22. axb5 (22. Ng5 Re7 $1 (22... c4
23. Nxc4 bxc4 24. Bxc4 $44) 23. axb5 axb5 24. bxc5 Nxc5 25. Qxb5 Qxb5 26. Bxb5
h6 $17 {P}) 22... axb5 23. bxc5 Bxc5 24. Qxb5 $6 {P} (24. Rf1 Bc6 $17 {>< e4 P/
/\ Nh5 K}) 24... Bxf2+ 25. Kf1 Re7 (25... Qe3 26. Nc4 Rxc4 27. Bc1 $1 {K/P})
26. Qxb6 Bxb6 27. Ba6 $1 {P} Bxa6+ 28. Rxa6 Be3 $1 {P} (28... Nh5 {K}) 29. Ke2
Bc5 30. g4 $6 {P} Rb8 31. Ra2 $2 {K} (31. Ba1 {K}) 31... Nf8 32. c4 N6d7 33.
Kf1 (33. g5 Ne6 34. h4 Nf4+ 35. Kf1 Nd3 36. Ba1 Rf8 $1 {37... f6 K}) 33... f6
34. Nb1 Nb6 $1 {K} 35. Nfd2 Rd7 36. Rc1 Ne6 37. Ba3 Rd3 (37... Rbd8 $5 {P}) 38.
Rc3 Rbd8 39. Bxc5 Nxc5 40. Rxd3 Rxd3 41. Ra5 $1 {P} (41. Ra3 Rd4 42. Rc3 Nc8 $1
{/\ Nd6 P}) 41... Nbd7 42. Ra3 (42. Kg2 Re3 43. Ra7 Nf8 44. Ra3 Nd3 45. c5 Re2+
46. Kf3 Nf4 47. c6 N8e6 $19 {K}) 42... Rd4 43. Re3 (43. Ra7 Nb6 $1 (43... Nf8
44. Ra8 Nxe4 45. Nxe4 Rxe4 46. Nd2 $44 {c-o^}) 44. Rc7 Nxc4 45. Nxc4 $1 (45.
Rxc5 Nxd2+ 46. Nxd2 Rxd2 47. g5 fxg5 $1 $19) 45... Rxc4 46. Na3 $1 Rc1+ $1 (
46... Ra4 $2 47. Rxc5 Rxa3 48. Kg2 $10) 47. Kg2 Nd3 48. Rxc1 Nxc1 $16 {P})
43... Nb6 44. Ke2 Nxc4 45. Nxc4 Rxc4 46. Nc3 Kg7 (46... Kf7 $142 {P}) 47. Kf3
Ne6 48. h4 Nd4+ 49. Kf2 Rb4 50. Nd1 $6 {P} (50. Nd5 $1 Rb2+ 51. Kg3 {P}) 50...
Ra4 51. Kg3 $2 {K} (51. Kg2 {/\ Nf2 K}) 51... h5 52. Nf2 (52. gxh5 f5 $1 {K/P})
52... Ra2 $1 {P} (52... hxg4 53. Kxg4 $1 {P} (53. Nxg4 $2 Nf5+ $1 54. exf5 gxf5
$18)) 53. g5 $2 {K} (53. gxh5 f5 54. Kg2 {K}) 53... fxg5 54. hxg5 h4+ 55. Kg2
Ne6 56. Kf3 Nxg5+ 57. Kg4 Nf7 $4 {K/ ? P} (57... Kf6 $1 {K/P} 58. Nh3 (58. Nd3
h3 $19) 58... Rg2+ 59. Kxh4 Rh2 $19 {P}) (57... Rxf2 58. Kxg5 h3 59. Rxh3 Rg2+
60. Kh4 Re2 61. Kg5 Rxe4 62. Ra3 Rf4 $18 {P}) 58. Rf3 g5 59. Kh5 Ra8 $2 {
K/ ?? P} (59... Re2 $1 {K} 60. Rf5 (60. Nh3 Rg2 61. Nf2 Rg3 62. Rxg3 hxg3 63.
Nh3 g2 64. Kg4 Kf6 65. Kf3 Nd6 $18) 60... Re3 $1 $18 {P}) 60. Rb3 $1 {P} Rh8+
61. Kg4 Rh6 62. Nh3 $1 {K} Rf6 63. Rb8 $1 {K} Rd6 (63... Kg6 64. Rg8+ {P}) 64.
Kh5 Rh6+ (64... Rg6 65. Rg8+ (65. Kg4 Nh6+ 66. Kh5 g4 67. Ng5 $1 $10 {P}) 65...
Kxg8 66. Kxg6 $10 {P/K}) 65. Kg4 Rd6 66. Kh5 Kf6 67. Rb2 Kg7 68. Rb8 1/2-1/2

[Event "World Women-ch k.o."]
[Site "Teheran"]
[Date "2017.02.22"]
[Round "4.1"]
[White "Muzychuk, Anna"]
[Black "Stefanova, Antoaneta"]
[Result "1-0"]
[ECO "C95"]
[WhiteElo "2558"]
[BlackElo "2512"]
[Annotator "Mikhalchishin,A"]
[PlyCount "77"]
[EventDate "2017.02.11"]
[EventType "k.o."]
[EventRounds "7"]
[EventCountry "IRI"]
[SourceTitle "CBM 177"]
[Source "ChessBase"]
[SourceDate "2017.03.16"]
[SourceVersion "1"]
[SourceVersionDate "2017.03.16"]
[SourceQuality "1"]
[TimeControl "6000+1250"]
[WhiteClock "0:01:42"]
[BlackClock "0:00:36"]

1. e4 e5 2. Nf3 Nc6 3. Bb5 a6 4. Ba4 Nf6 5. O-O Be7 6. Re1 b5 7. Bb3 d6 8. c3
O-O 9. h3 Nb8 10. d4 Nbd7 11. Nbd2 Bb7 12. Bc2 Re8 13. Nf1 Bf8 14. Bg5 {
This can be named the Lviv variation, as the man behind many of the ideas was
GM Oleg Romanishin, and other friends of his played it too! And Anna follows
her great predecessors! The variation has a great history.} h6 15. Bh4 Qc8 ({
The most direct way is} 15... g5 16. dxe5 (16. Bg3 exd4 17. Qxd4 Bg7 18. e5
dxe5 (18... Bxf3 $2 19. exf6 Bxf6 20. Qd3 $1 $18) 19. Nxe5 Nxe5 20. Bxe5 Qxd4
21. Bxd4 $11) 16... Nxe5 (16... dxe5 17. Bg3 Nh5 $2 18. Bxe5 $18) 17. Bg3 Ng6
$1 (17... Ned7 $6 18. N3d2 Bg7 19. Bh2 d5 20. e5 Ne4 21. Nf3 c5 22. Ne3 Nxe5 $8
23. Nxe5 Bxe5 24. Bxe5 Rxe5 25. Qh5 $44 (25. Ng4 $5) 25... Qf8 (25... Re6 $142
26. Rad1 Qf6) 26. f4 $1 {Romanishin,O-Kraidman,Y/Hastings 1976, with the
initiative.}) 18. N1d2 (18. N3d2 $5) 18... Nh5 19. Bh2 Nhf4 20. a4 $1 (20. Nd4
Qf6 21. Nf5 d5 $132) 20... Qf6 21. Nd4 (21. axb5 axb5 22. Rxa8 Bxa8 23. Nd4 b4
$11) 21... c5 22. Ne2 d5 $1 $11 {Mikhalchishin,A-Hemmasi - Vienna 1982}) (15...
c5 $6 16. dxe5 dxe5 17. N3h2 $1 Be7 18. Ne3 Nh7 $6 (18... g6 $142 $14) 19. Bxe7
Rxe7 (19... Qxe7 $2 20. Nf5 $18) 20. Nf5 {Romanishin,O-Gligoric,S/USSR -
Yugoslavia 1975. with pressure.}) (15... g6 16. a4 $5 (16. dxe5) (16. N1h2 Bg7
17. dxe5 dxe5 18. Ng4 g5 (18... Qe7) 19. Bg3 Nxg4 20. hxg4 Qe7 21. a4 c5 22.
Nd2 Nf6 23. Nf1 Qe6 24. f3 h5 25. gxh5 Nxh5 26. Bf2 Rad8 27. Qc1 Nf4 {Gashimov,
V (2733)-Navara,D (2708)/Reggio Emilia ) 2010 (28), the position is unclear.})
16... Bg7 17. d5 Qb8 18. Ne3 (18. axb5 axb5 19. Rxa8 Bxa8 $11) 18... c6 19.
dxc6 (19. axb5 axb5 20. Rxa8 Bxa8 21. dxc6 Bxc6 22. Nd2 Nh5 $11) 19... Bxc6 20.
axb5 (20. Nd2 Qc7 21. Qf3 Nh5 $11) 20... axb5 21. Rxa8 Bxa8 22. Nd2 b4 $6 (
22... Nh5 $142 $5 23. Ndf1 Nf4 24. Qd2 Bf8 $11) 23. c4 Nc5 (23... Rc8) 24. Bxf6
(24. f3 Rc8 25. Nb3 $14) 24... Bxf6 $11 25. Nb3 Rc8 (25... Qb6 $5) 26. Nxc5
Rxc5 27. Qd3 Ra5 (27... Bg5 $5 28. Ra1 Bxe3 29. Qxe3 Rxc4 30. Bb3 Rc5 31. Ra6
Rc6 $11) 28. Bb3 Bg5 {Vachier Lagrave,M (2798)-Buhmann,R (2653)/Dortmund 2016,
the position is equal.}) (15... Be7 16. Ng3 (16. Bg3 Bf8 17. dxe5 Nxe5 18. Nxe5
dxe5 19. Qf3 Nh7 20. Ne3 $146 (20. h4) 20... Ng5 21. Qg4 Bc8 22. Qe2 c6 23. a4
Rb8 24. axb5 axb5 25. Red1 Qc7 26. Ng4 (26. b4) 26... f6 27. Bb3+ Be6 28. Bxe6+
Nxe6 {Vachier-Lagrave,M (2721)-Beliavsky,A (2632)/Khanty-Mansiysk (ol) 2010,
with equal play.}) (16. a4 exd4 17. cxd4 c5 18. d5 $14) 16... g6 (16... Bf8 $5)
17. Qd2 Kg7 (17... Bf8 $5) 18. Rad1 Nh7 19. Bxe7 Qxe7 20. dxe5 Nxe5 21. Nd4 Qg5
{[#]} 22. Ngf5+ $1 gxf5 23. f4 {Gashimov,V (2719)-Carlsen,M (2826)/Nanjing
2010, with very unclear play.}) 16. dxe5 dxe5 17. N3d2 ({Another way was tried
previously:} 17. N3h2 c5 18. Qf3 Qc6 (18... a5 $5) (18... c4) 19. Rad1 c4 (
19... Qe6 20. c4 $5 (20. b3)) 20. Ne3 g6 21. Rd2 Be7 22. Red1 Qe6 23. Nhg4 Kg7
24. b3 $1 h5 $5 (24... Rad8 25. bxc4 Nxg4 26. Qxg4 Qxg4 27. hxg4 Bxh4 28. Rxd7
Rxd7 29. Rxd7 Bc8 30. Rc7 $16) 25. Nxf6 Nxf6 26. bxc4 bxc4 27. Bxf6+ Qxf6 28.
Qxf6+ Bxf6 29. Nxc4 {Romanishin,O-Spassky,B/Tilburg 1979 with advantage.})
17... Nh7 (17... Re6 18. Ne3 Nc5 19. Qf3 a5) 18. Ne3 Nc5 19. Nd5 a5 20. a4 $1 {
The usual active plan with a pawn.} bxa4 21. Bxa4 Nxa4 22. Qxa4 Re6 ({White
would keep a slight advantage after} 22... Bxd5 23. exd5 Qb7 24. Nc4 Qxd5 25.
Bg3 f6 26. Nxa5 Ng5 27. b4) 23. Nc4 Bc6 24. Qd1 ({It would be more logical to
reserve d1 for the rook:} 24. Qa2) 24... a4 25. Bg3 (25. Qg4 {was very sharp})
25... f6 26. b4 $5 {Sooner or later it is necessary to start play on the
queenside.} axb3 27. Rxa8 Bxa8 28. Qxb3 Ng5 29. Ra1 (29. f3 {is more solid.})
29... Bxd5 ({It was necessary to enter a risky variation with equality:} 29...
Nxe4 30. Nxc7 Qxc7 31. Rxa8 Qf7) 30. exd5 Re8 31. Ra7 ({Girls dont retreat!} 
31. Nd2) 31... Bc5 32. Rb7 Nxh3+ $5 ({The solid move} 32... Kh8 {was
preferable.}) 33. Kf1 Nf4 $2 ({The balance would be kept after the correct} 
33... Kh8 34. gxh3 Qxh3+ 35. Ke2 Qh5+ 36. Kd2 Qf3) 34. d6 $1 Qe6 35. dxc7 Nd5 (
{There is a crazy line which was losing, but it was worth trying:} 35... Qd5
36. Rb8 Qxg2+ 37. Ke1 Bxf2+ 38. Bxf2 Nd3+ 39. Kd1 Nxf2+ 40. Kd2 Ne4+ 41. Ke3)
36. Qb5 $1 {The decisive move.} Bf8 37. Nb6 Nxb6 38. Rxb6 Qg4 39. f3 1-0

[Event "Sautron op 14th"]
[Site "Sautron"]
[Date "2014.11.01"]
[Round "9"]
[White "Zubarev, Alexander2"]
[Black "Maiorov, Nikita"]
[Result "1/2-1/2"]
[ECO "C95"]
[WhiteElo "2588"]
[BlackElo "2585"]
[Annotator "RR"]
[PlyCount "50"]
[EventDate "2014.10.26"]
[EventType "swiss"]
[EventRounds "9"]
[EventCountry "FRA"]
[SourceTitle "EXT 2015"]
[Source "ChessBase"]
[SourceDate "2014.11.20"]
[SourceVersion "1"]
[SourceVersionDate "2014.11.20"]
[SourceQuality "1"]
[TimeControl "40/5400+30:1800+30"]

1. e4 e5 2. Nf3 Nc6 3. Bb5 a6 4. Ba4 Nf6 5. O-O Be7 6. Re1 b5 7. Bb3 d6 8. c3
O-O 9. h3 Nb8 10. d4 Nbd7 11. Nbd2 Bb7 12. Bc2 Re8 13. Nf1 Bf8 14. Ng3 g6 15.
a4 c5 16. d5 c4 17. Bg5 h6 {55} 18. Be3 Nc5 19. Qd2 h5 20. Ra3 (20. Bxc5 dxc5
21. Qe3 Rb8 22. Nf1 Bc8 23. N1d2 Bd7 24. axb5 axb5 25. Ra6 Rb6 26. Ra7 Qb8 27.
Rea1 Qd6 28. Bd1 Bg7 29. Be2 Reb8 30. Bxc4 bxc4 31. Nxc4 Qe7 32. Nxb6 Rxb6 33.
b4 Bf8 34. R7a5 Bb5 35. bxc5 Qxc5 36. Qxc5 Bxc5 37. c4 Nxe4 38. Rxb5 Bxf2+ 39.
Kf1 Rf6 40. Rb8+ Kg7 41. Raa8 Rf4 42. d6 Bh4 43. Rg8+ Kh7 44. Rh8+ Kg7 45.
Rag8+ Kf6 46. d7 Ke6 47. d8=Q Bxd8 48. Rxd8 Nf6 49. Ke2 Rxc4 {Giri,A (2752)
-Karjakin,S (2771) Flor & Fjaere 2014 1-0 (65)}) (20. Bg5) 20... Nfd7 {48} 21.
Rea1 {Une longue suite théorique qui va permettre de dépasser le minimum des
25 coups et annuler.} Bg7 22. axb5 axb5 23. Rxa8 Bxa8 {42} 24. Bg5 $146 (24.
Qd1 Qc7 25. Ra3 Bb7 26. Qa1 Rb8 27. Ra5 Bc8 28. Nf1 Rb6 29. Ra7 Rb7 30. Ra3 Rb6
31. Ra7 Rb7 32. Ra3 Rb6 {1/2-1/2 (32) Landa,K (2574)-Kosyrev,V (2539)
playchess.com INT 2005}) 24... Qc7 25. Nh4 Bb7 {31} 1/2-1/2